 Dungeon Crawl Stone Soup version 0.31-a0-618-g7ca08c1ff9 (webtiles) character file.

Game seed: 9764391950777909902

3334 Dittersdorf the Protected (level 10, -1/64 HPs)
             Began as a Gargoyle Fighter on Aug 22, 2023.
             Was an Initiate of Gozag.
             Slain by a killer bee (4 damage)
             ... on level 7 of the Dungeon.
             The game lasted 00:10:51 (7809 turns).

Dittersdorf the Protected (Gargoyle Fighter)        Turns: 7809, Time: 00:10:51

Health: -1/64      AC: 17    Str: 23    XL:     10   Next: 2%
Magic:  10/10      EV: 10    Int: 10    God:    Gozag
Gold:   895        SH:  5    Dex:  9    Spells: 9/9 levels left

rFire   . . .        a - +1 flail (elec)
rCold   . . .        c - +0 buckler
rNeg    + . .        q - +3 ring mail
rPois   ∞            (no helmet)
rElec   +            (no cloak)
rCorr   .            (no gloves)
SInv    .            (no boots)
Will    .....        (no amulet) Stlth
                     n - ring of flight
HPRegen 0.30/turn    (no ring)
MPRegen 0.12/turn

%: no passive effects
@: gold aura, flying
A: sickness immunity, AC +7, negative energy resistance 1, electricity
resistance, torment resistance 1, petrification resistance
a: Renounce Religion, Potion Petition, Call Merchant, Bribe Branch


You were on level 7 of the Dungeon.
You worshipped Gozag.
Gozag was pleased with you.
You visited 1 branch of the dungeon, and saw 8 of its levels.

You collected 976 gold pieces.
You paid 81 gold pieces to Gozag.

Inventory:

Hand Weapons
 a - a +1 flail of electrocution (weapon)
Missiles
 g - 19 poisoned darts (quivered)
Armour
 c - a +0 buckler (worn)
 q - a +3 ring mail (worn)
Jewellery
 n - a ring of flight (left hand)
 o - a ring of fire
Wands
 b - a wand of roots (1)
Scrolls
 h - 2 scrolls of identify
 i - a scroll of poison
 r - a scroll of teleportation
 s - 2 scrolls of amnesia {unknown}
Potions
 d - a potion of might
 e - a potion of invisibility
 f - a potion of haste
 j - a potion of enlightenment {unknown}
 k - 3 potions of curing
 l - 2 potions of mutation
 m - a potion of resistance
 p - a potion of ambrosia


   Skills:
 + Level 8.3 Fighting
 + Level 7.2 Maces & Flails
 + Level 8.3 Armour
 + Level 8.3 Shields


You had 9 spell levels left.
You didn't know any spells.
Your spell library contained the following spells:

 Spells                   Type           Power      Damage    Failure   Level
 Hailstorm                Conj/Ice       0%         3d3       89%         3
 Summon Ice Beast         Ice/Summ       0%         N/A       100%        4
 Simulacrum               Ice/Necr       Unusable   N/A       N/A         6

Dungeon Overview and Level Annotations

Branches:
Dungeon (8/15)             Temple (0/1) D:5
   Lair: D:8-11

Altars:
Ashenzari
Cheibriados
Dithmenos
Gozag
Sif Muna
Trog
Vehumet
Zin

Annotations:
D:7 1 runed translucent door, sunglassesatnite's ghost, novice MiBe


Innate Abilities, Weirdness & Mutations

You are immune to sickness and miasma.
Your stone body is resilient. (AC +7)
You are immune to poison.
You resist negative energy. (rN+)
You are resistant to electric shocks. (rElec)
You are resistant to unholy torment.
You are immune to petrification.


Message History

The killer bee stings you. The killer bee closely misses you.
The killer bee stings you but does no damage.
You sock the killer bee!
You kill the killer bee!
The killer bee stings you.
* * * LOW HITPOINT WARNING * * *
The killer bee barely misses you. The killer bee closely misses you. x2
You barely miss the yak. The killer bee barely misses you.
The killer bee misses you. The killer bee barely misses you.
The killer bee closely misses you. The yak closely misses you.
You closely miss the yak. You block the killer bee's attack.
The killer bee stings you but does no damage. x2
The killer bee barely misses you. The yak gores you.
* * * LOW HITPOINT WARNING * * *
The killer bee closely misses you. The killer bee stings you.
* * * LOW HITPOINT WARNING * * *
You barely miss the yak.
The killer bee stings you but does no damage. x2
You block the yak's attack. The killer bee barely misses you.
The killer bee completely misses you.
You hit the yak.
The yak is lightly wounded.
The killer bee stings you.
* * * LOW HITPOINT WARNING * * *
The killer bee is distracted by your dazzling golden aura.
The yak gores you!
* * * LOW HITPOINT WARNING * * *
The killer bee closely misses you.
The killer bee buzzes angrily.
You barely miss the yak.
The yak is lightly wounded.
The killer bee barely misses you. You block the yak's attack.
The killer bee stings you.
* * * LOW HITPOINT WARNING * * *
You sock the yak!
The yak is moderately wounded.
The killer bee is no longer distracted by gold.
The killer bee stings you.
You die...
Your body crumbles into a pile of gold.

################
#@y............###
#Yy...............
#(############.###
#.# #.### #.# #...#
##.####### ###.#
#........# #.#
#........# #..
#........#########.


You could see a yak and 2 killer bees.

Vanquished Creatures
  Jeremiah (D:7)
  Sigmund (D:5)
  2 yaks (D:7)
  A wyvern (D:4)
  Duvessa (D:4)
  A water moccasin (D:7)
  An ice beast (D:5)
  2 black bears
  An orc warrior (D:6)
  A sky beast (D:6)
  2 ogres
  2 phantoms
  2 centaurs
  A kobold brigand (D:7)
  7 scorpions
  Dowan (D:4)
  3 killer bees (D:7)
  An electric eel (D:7)
  2 hounds
  2 orc priests (D:7)
  3 sleepcaps
  Ijyb (D:4)
  An iguana (D:6)
  8 orc wizards
  7 adders
  A white imp (D:7)
  2 ufetubi
  A worm (D:4)
  4 dart slugs
  17 orcs
  5 ball pythons
  3 bats (D:1)
  5 endoplasms
  3 giant cockroaches
  7 goblins
  5 hobgoblins
  3 jackals (D:3)
  6 quokkas
  6 frilled lizards
  18 kobolds
  4 rats
145 creatures vanquished.

Notes
Turn   | Place    | Note
-------+----------+-------------------------------------------
     0 | D:1      | Dittersdorf the Gargoyle Fighter began the quest for the
                  | Orb.
     0 | D:1      | Reached XP level 1. HP: 14/14 MP: 1/1
   141 | D:1      | Reached XP level 2. HP: 18/19 MP: 2/2
   717 | D:2      | Reached XP level 3. HP: 23/23 MP: 3/3
   863 | D:2      | Found a faded altar of an unknown god.
  1372 | D:3      | Reached XP level 4. HP: 29/29 MP: 4/4
  1407 | D:3      | Found a glowing silver altar of Zin.
  1410 | D:3      | Found a shadowy altar of Dithmenos.
  1413 | D:3      | Found a bloodstained altar of Trog.
  1419 | D:3      | Found a broken altar of Ashenzari.
  2149 | D:4      | Noticed a phantom
  2158 | D:4      | Killed a phantom
  2159 | D:4      | Reached XP level 5. HP: 34/34 MP: 5/5
  2216 | D:4      | Noticed Ijyb
  2227 | D:4      | Killed Ijyb
  2371 | D:4      | Reached XP level 6. HP: 31/39 MP: 6/6
  2523 | D:4      | Noticed Duvessa
  2523 | D:4      | Noticed Dowan
  2542 | D:4      | Killed Duvessa
  2549 | D:4      | Killed Dowan
  2550 | D:4      | Reached skill level 5 in Fighting
  2550 | D:4      | Reached skill level 5 in Armour
  2550 | D:4      | Reached skill level 5 in Shields
  2550 | D:4      | Reached XP level 7. HP: 10/44 MP: 7/7
  2758 | D:4      | Noticed a wyvern
  2781 | D:4      | Killed a wyvern
  2934 | D:4      | Found an opulent altar of Gozag.
  2934 | D:4      | Found a faded altar of an unknown god.
  2949 | D:4      | Found a radiant altar of Vehumet.
  2951 | D:4      | Found a shimmering blue altar of Sif Muna.
  2953 | D:4      | Found a snail-covered altar of Cheibriados.
  3263 | D:4      | Became a worshipper of Gozag Ym Sagoz the Greedy
  3311 | D:5      | Entered Level 5 of the Dungeon
  3482 | D:5      | Noticed Sigmund
  3488 | D:5      | Reached XP level 8. HP: 46/51 MP: 8/8
  3492 | D:5      | Killed Sigmund
  3493 | D:5      | Reached skill level 5 in Maces & Flails
  3743 | D:5      | Found a staircase to the Ecumenical Temple.
  4624 | D:6      | Reached XP level 9. HP: 48/56 MP: 9/9
  6351 | D:7      | Noticed a cyclops
  6352 | D:7      | Found a runed translucent door.
  6352 | D:7      | Noticed sunglassesatnite's ghost (novice MiBe)
  6594 | D:7      | Noticed Jeremiah
  7244 | D:7      | Killed Jeremiah
  7655 | D:7      | Reached XP level 10. HP: 23/64 MP: 10/10
  7808 | D:7      | HP: 3/64 [killer bee (3)]
  7809 | D:7      | Slain by a killer bee

Illustrated notes

Levels and vault maps discovered:
D:1:      minmay_arrival_arboretum_small, layout_loops_ring
D:2:      layout_basic, basic_ecumenical_altar, minmay_pentomino_x4
D:3:      minmay_wonky_spiral, layout_loops_ring,
          grunt_temple_overflow_cloverleaf, serial_bayou_pond_d
D:4:      layout_loops_ring, chequers_temple_overflow_minitemple,
          minmay_close_crescents, uniq_duvessa, uniq_ijyb
D:5:      layout_rooms, minmay_temple_entry_glass, uniq_sigmund
D:6:      layout_layer_cave
D:7:      statuecave_lemuel, layout_basic, ebering_ghost_inner_flame,
          uniq_jeremiah
D:8:      layout_cave_pools, dreamdust_princess_bridge, minmay_misc_feat_rows,
          uniq_erica

Skill      XL: |  1  2  3  4  5  6  7  8  9 |
---------------+----------------------------+-----
Fighting       | 4 5 6 8 |  8.3
Armour         | 4 5 6 8 |  8.3
Shields        | 4 5 6 8 |  8.3
Maces & Flails | 3 4 5 7 |  7.2

Action                     |  1- 3 |  4- 6 |  7- 9 | 10-12 || total
---------------------------+-------+-------+-------+-------++-------
  Melee: Flail             |    88 |   140 |   350 |    19 ||   597
  Throw: Dart              |       |       |    33 |       ||    33
  Evoke: Wand              |       |       |     2 |       ||     2
    Use: Scroll            |       |     9 |     8 |       ||    17
         Potion            |       |       |     1 |       ||     1
   Stab: Distracted        |       |       |     1 |       ||     1
 Armour: Scale mail        |    28 |       |       |       ||    28
         Chain mail        |    42 |   100 |   144 |       ||   286
         Ring mail         |       |       |    99 |    25 ||   124
  Dodge: Dodged            |    40 |    68 |   158 |    43 ||   309
  Block: Buckler           |    20 |    33 |    94 |    15 ||   162

Table legend: (Time is in decaauts)
 A = Elapsed time spent in this place.
 B = Non-inter-level travel time spent in this place.
 C = Inter-level travel time spent in this place.
 D = Time resting spent in this place.
 E = Time spent auto-exploring this place.
 F = Levels seen in this place.
 G = Mean time per level.
                   A        B        C        D        E       F      G
               +--------+--------+--------+--------+--------+-----+--------+
         Total |   7941 |   7659 |    282 |   1211 |   5012 |   8 |  992.6 |
       Dungeon |   7941 |   7659 |    282 |   1211 |   5012 |   8 |  992.6 |
               +--------+--------+--------+--------+--------+-----+--------+

Top non-repeatable levels by time:
     D:6: 2112 daAuts
     D:7: 1582 daAuts
     D:4: 1451 daAuts
     D:3: 790 daAuts
     D:5: 711 daAuts
     D:2: 646 daAuts
     D:1: 637 daAuts
     D:8: 9 daAuts
